 Dungeon Crawl Stone Soup version 0.31-a0-845-g9abc20d24f (console) character file.

Game seed: 5998397134461480636

2 petzl the Sneak (level 1, -15/18 HPs)
             Began as a Formicid Delver on Oct 2, 2023.
             Demolished by a two-headed ogre
             ... wielding a +0 giant club
              (22 damage)
             ... on level 8 of the Dungeon.
             The game lasted 00:05:57 (492 turns).

petzl the Sneak (Formicid Delver)                    Turns: 492, Time: 00:05:58

Health: -15/18     AC:  8    Str: 16    XL:     1   Next: 33%
Magic:  1/1        EV: 10    Int:  9    God:
Gold:   14         SH:  0    Dex: 15    Spells: 1/1 levels left

rFire   . . .        a - +0 mace
rCold   . . .        (no shield)
rNeg    . . .        i - +0 scale mail
rPois   .            (helmet unavailable)
rElec   .            l - +1 cloak
rCorr   .            (no gloves)
SInv    +            (no boots)
Will    .....        g - amulet of the acrobat
Stlth   ++           (no ring)
HPRegen 0.23/turn    (no ring)
MPRegen 0.07/turn

%: acrobat
@: no status effects
A: permanent stasis, dig shafts and tunnels, antennae 3, four strong arms
a: Dig, Shaft Self


You were on level 8 of the Dungeon.
You visited 1 branch of the dungeon, and saw 4 of its levels.

You collected 14 gold pieces.

Inventory:

Hand Weapons
 a - a +0 mace (weapon)
Armour
 b - a +0 leather armour
 i - a +0 scale mail (worn)
 l - a +1 cloak (worn)
Jewellery
 g - an amulet of the acrobat (around neck)
Wands
 f - a wand of digging (3)
Scrolls
 c - a scroll of poison {unknown}
 d - a scroll of revelation
 h - a scroll of teleportation {unknown}
 j - a scroll of enchant weapon {unknown}
Potions
 k - a potion of degeneration {unknown}


   Skills:
 - Level 3.2 Fighting
 - Level 2.0 Maces & Flails
 - Level 1.7 Dodging
 - Level 6.0 Stealth
 + Level 0.6 Spellcasting


You had one spell level left.
You didn't know any spells.
Your spell library contained the following spells:

 Spells                   Type           Power      Damage    Failure   Level
 Animate Armour           Summ/Erth      0%         N/A       100%        4
 Summon Lightning Spire   Summ/Air       0%         N/A       100%        4
 Lee's Rapid Deconstruct  Erth           0%         3d4*      100%        5


Dungeon Overview and Level Annotations

Branches:
Dungeon (8/15)
 Temple: D:4-7         Lair: D:8-11

Altars:
Cheibriados
Ru
Wu Jian

Annotations:
D:5 exclusions: scorpion and sensed monster (detected)
D:6 exclusion: upstairs, Jeremiah
D:7 exclusion: sensed monster (detected)
D:8 exclusion: sensed monster (detected)


Innate Abilities, Weirdness & Mutations

You cannot be hasted, slowed, berserked, paralysed or teleported.
You can dig through walls and to a lower floor.
You have a pair of large antennae on your head. (SInv)
Your four strong arms can wield two-handed weapons with a shield.


Message History

The hound barely misses you.
You climb upwards.
Level annotation: exclusion: upstairs, Jeremiah
There is a stone staircase leading down here.
Found a scroll labelled FUOMOY ULIFAHA.
Found a stone staircase leading down.
The hound completely misses you.
Are you sure you want to shaft yourself?
The hound bites you but does no damage.
You begin to dig a shaft.
You continue digging a shaft.
The hound bites you but does no damage. The hound closely misses you.
A shaft appears beneath you!
You fall into a shaft and drop 2 floors!
The shaft crumbles and collapses.
You pick up a book of Iron and begin reading...
You add the spells Summon Lightning Spire, Animate Armour and Lee's Rapid Deconstruction to your library.
You start resting.
HP restored.
You sense a monster nearby.
Removed exclusion.
Press: ? - help, . - travel You can't see that place.
Placed new exclusion.
Unknown command.
Found a scroll labelled LIFFIG TEDUYQ.
A two-headed ogre comes into view. It is wielding two +0 giant clubs.
Found 13 gold pieces.
Found a sacrificial altar of Ru.
Found a long sword.
A bullfrog comes into view.
You see here a scroll labelled LIFFIG TEDUYQ.
c - a scroll labelled LIFFIG TEDUYQ The bullfrog hits you.
The bullfrog hits you. The bullfrog completely misses you.
You see here 13 gold pieces.
Are you sure you want to shaft yourself?
The bullfrog hits you but does no damage.
You begin to dig a shaft.
You continue digging a shaft.
The bullfrog hits you.
The two-headed ogre hits you with a +0 giant club!!
Ouch! That really hurt!
You die...

.....##.# #########
##...§§.§§...#.#
#........
#..§.§§§≈..≈...#
#.#######
...§§§§...≈≈...# #.#
#..§.§§_.......# #.#
#..§§.....≈≈...# #.#
..§≈§.≈.§..≈...####.#
#§.§≈≈F≈≈..........#
#....@O.....#######
########...## #####


You could see a two-headed ogre and a bullfrog.

Vanquished Creatures
  An orc (D:7)
1 creature vanquished.

Notes
Turn   | Place    | Note
-------+----------+-------------------------------------------
     0 | D:5      | petzl the Formicid Delver began the quest for the Orb.
     0 | D:5      | Reached XP level 1. HP: 18/18 MP: 1/1
     1 | D:5      | Noticed an ice beast
    39 | D:5      | Noticed a scorpion
    59 | D:5      | Found a snail-covered altar of Cheibriados.
    59 | D:5      | Found an ornate altar of the Wu Jian Council.
    68 | D:5      | Noticed a hound
    86 | D:6      | Noticed a jelly
   102 | D:5      | Noticed an iguana
   106 | D:5      | You fall into a shaft and drop 3 floors!
   159 | D:7      | Noticed a sky beast
   227 | D:7      | Noticed an iguana
   228 | D:7      | Noticed a bullfrog
   230 | D:6      | Noticed a sky beast
   230 | D:6      | Noticed an ice beast
   235 | D:6      | Noticed a phantom
   289 | D:5      | Noticed an ogre
   296 | D:5      | Noticed a hound
   381 | D:6      | Noticed an ogre
   382 | D:6      | Noticed an iguana
   383 | D:6      | Noticed a scorpion
   384 | D:6      | Noticed Jeremiah
   388 | D:6      | Noticed a hound
   394 | D:6      | You fall into a shaft and drop 1 floor!
   412 | D:7      | Noticed a steam dragon
   417 | D:6      | You fall into a shaft and drop 2 floors!
   481 | D:8      | Noticed a two-headed ogre
   482 | D:8      | Found a sacrificial altar of Ru.
   485 | D:8      | Noticed a bullfrog
   492 | D:8      | Demolished by a two-headed ogre

Illustrated notes

Levels and vault maps discovered:
D:5:      minmay_inner_zag, layout_basic, mainiacjoe_overflow_divided_tiny,
          minmay_temple_entry_gardened_gates, uniq_pikel
D:6:      layout_rooms, mainiacjoe_overflow_cross_hatched,
          nicolae_shop_distant_corner_stores, st_stairs_3, uniq_jeremiah
D:7:      minmay_clustersquares, layout_rooms, lemuel_zombie_altar_yredelemnul,
          gammafunk_temple_overflow_elements, mainiacjoe_overflow_tiny_flanked,
          kennysheep_generic_room_8, uniq_prince_ribbit1
D:8:      layout_loops_ring, mainiacjoe_overflow_small_starburst

Action                     || total
---------------------------++-------
  Melee: Mace              ||     3
Ability: Shaft Self        ||     4
    Use: Scroll            ||     2
 Armour: Scale mail        ||    13
  Dodge: Dodged            ||    26

Table legend: (Time is in decaauts)
 A = Elapsed time spent in this place.
 B = Non-inter-level travel time spent in this place.
 C = Inter-level travel time spent in this place.
 D = Time resting spent in this place.
 E = Time spent auto-exploring this place.
 F = Levels seen in this place.
 G = Mean time per level.
                   A        B        C        D        E       F      G
               +--------+--------+--------+--------+--------+-----+--------+
         Total |    493 |    493 |      0 |     36 |      0 |   4 |  123.2 |
       Dungeon |    493 |    493 |      0 |     36 |      0 |   4 |  123.2 |
               +--------+--------+--------+--------+--------+-----+--------+

Top non-repeatable levels by time:
     D:5: 221 daAuts
     D:8: 110 daAuts
     D:7: 107 daAuts
     D:6: 54 daAuts
